 Dungeon Crawl Stone Soup version 0.17.1-3-g152610e (webtiles) character file.

42 MajorLove the Sneak (level 3, 13/16 HPs)
             Began as a Spriggan Enchanter on Apr 15, 2016.
             Quit the game on level 1 of the Dungeon.
             The game lasted 00:04:29 (1697 turns).

MajorLove the Sneak (Spriggan Enchanter)            Turns: 1697, Time: 00:04:29

Health: 13/16      AC:  3    Str:  4    XL:     3   Next: 33%
Magic:  6/8        EV: 18    Int: 16    God:
Gold:   85         SH:  0    Dex: 17    Spells: 1 memorised, 6 levels left

rFire  . . .     SeeInvis +     a - +1 dagger
rCold  . . .     Clarity  .     b - +1 robe
rNeg   . . .     SustAt   .     (shield restricted)
rPois  .         Gourm    .     (helmet restricted)
rElec  .         Spirit   .     (no cloak)
rCorr  .         Warding  .     (gloves unavailable)
rMut   .         Stasis   .     (boots unavailable)
MR     .....                    (no amulet)
Stlth  ++++......               (no ring)
                                (no ring)

@: very quick, not resistant to hostile enchantments, stealthy
A: unfitting armour, see invisible, herbivore 3, speed 3, slow metabolism 2
a: no special abilities


You were on level 1 of the Dungeon.
You were not hungry.

You visited 1 branch of the dungeon, and saw 2 of its levels.

You collected 85 gold pieces.

Inventory:

Hand Weapons
 a - a +1 dagger (weapon)
Armour
 b - a +1 robe (worn)
Scrolls
 f - a scroll of amnesia {unknown}
 g - a scroll of magic mapping {unknown}
 i - a scroll of enchant armour {unknown}
 j - 5 scrolls of teleportation {unknown}
 k - a scroll of fog {unknown}
Potions
 e - 2 potions of degeneration {unknown}
 h - 3 potions of flight {unknown}
 l - a potion of mutation {unknown}
 m - a potion of heal wounds {unknown}
 n - a potion of agility {unknown}
Books
 c - a book of Maledictions

   Spells                             Type                      Level
   a - Corona                         Hexes                        1
   b - Ensorcelled Hibernation        Hexes/Ice                    2
   c - Confuse                        Hexes                        3
   d - Tukima's Dance                 Hexes                        3
   e - Dazzling Spray                 Conjuration/Hexes            3
Comestibles
 d - 2 bread rations


   Skills:
 - Level 1.1 Short Blades
 - Level 3.0 Dodging
 + Level 6.8 Stealth
 - Level 2.6 Spellcasting
 - Level 3.6 Hexes


You had 6 spell levels left.
You knew the following spells:

 Your Spells              Type           Power        Failure   Level  Hunger
a - Corona                Hex            ##.....      6%          1    #......


Dungeon Overview and Level Annotations

Branches:
Dungeon (2/15)

Altars:
Qazlal


Innate Abilities, Weirdness & Mutations

You are tiny and cannot use many weapons and most armour.
You have supernaturally acute eyesight.
You are a herbivore.
You cover ground extremely quickly.
You need consume almost no food.


Message History

The hobgoblin completely misses you.
You hit the hobgoblin but do no damage.
The hobgoblin is heavily wounded.
The hobgoblin misses you.
You hit the hobgoblin.
You kill the hobgoblin!
You see here a club.
Things that are here:
a club; a hobgoblin corpse You are alive.
Your movement speed is very quick.
Your attack speed is average.
You are not resistant to hostile enchantments.
You are stealthy.
Unknown command.
Save game and exit?
Okay, then.
Drink which item? (? for menu, Esc to quit)
Okay, then.
Quiver which item? (- for none, * to show all) (? for menu, Esc to quit)
Okay, then.
Are you sure you want to abandon this character and quit the game? (Confirm with "yes".)

#.##.# #######.......# #
#.##.# #.............###
#)##.###.#####.####..)..
#%.......#####.####..#..
####.###.........)...###
#.###.#####.####.##
#.##.)).....# #.#
#.##..####### #.#
#.##@.# #.# ##.##..####
#.# #.#......l#######.#
##.##......g....#.#
#####.........)>.#
####.#####.### #.# #.#
##.#####.#####
#............#


There were no monsters in sight!

Vanquished Creatures
  An ooze (D:1)
  A worm (D:2)
  A ball python (D:1)
  8 bats (D:1)
  A giant cockroach (D:1)
  7 hobgoblins
  2 giant newts (D:1)
  3 goblins (D:1)
  5 kobolds (D:1)
  4 rats (D:1)
33 creatures vanquished.

Notes
Turn   | Place    | Note
--------------------------------------------------------------
     0 | D:1      | MajorLove the Spriggan Enchanter began the quest for the Orb.
     0 | D:1      | Reached XP level 1. HP: 9/9 MP: 5/5
   134 | D:1      | Reached skill level 5 in Stealth
   314 | D:1      | Reached XP level 2. HP: 8/13 MP: 4/6
   601 | D:1      | Reached skill level 6 in Stealth
  1152 | D:1      | Reached XP level 3. HP: 16/16 MP: 6/8
  1342 | D:2      | Found a stormy altar of Qazlal.
  1697 | D:1      | Quit the game

Action                   || total
-------------------------++-------
Melee: Dagger            ||   101
 Cast: Corona            ||    23
 Stab: Sleeping          ||    10
